 Dungeon Crawl Stone Soup version 0.32-a0-931-g5a2cda0630 (webtiles) character file.

Game seed: 13034826522654049703

37 Nietzsche the Vexing (level 3, 0/24 (26) HPs)
             Began as a Vampire Enchanter on Apr 14, 2024.
             Killed from afar by Natasha (6 damage)
             ... with a puff of flame
             ... on level 2 of the Dungeon.
             The game lasted 00:03:13 (858 turns).

Nietzsche the Vexing (Vampire Enchanter)             Turns: 858, Time: 00:03:14

HP:   0/24 (26)     AC:  2    Str:  7    XL:     3   Next: 21%
MP:   6/6           EV: 11    Int: 19    God:
Gold: 55            SH:  0    Dex: 14    Spells: 6/6 levels left

rFire   . . .        h - +1 dagger (drain)
rCold   . . .        (no shield)
rNeg    . . .        b - +0 robe
rPois   .            (no helmet)
rElec   .            (no cloak)
rCorr   .            (no gloves)
SInv    +            (no boots)
Will    .....        d - amulet of regeneration
Stlth   +++          (no ring)
HPRegen 1.24/turn    (no ring)
MPRegen 0.10/turn

%: no passive effects
@: healing quickly, drained, invisible
A: alive, fangs 3, see invisible, vampiric 2
a: Exsanguinate


You were on level 2 of the Dungeon.
You visited 1 branch of the dungeon, and saw 2 of its levels.

You collected 55 gold pieces.

Inventory:

Hand Weapons
 a - a +1 dagger
 h - a +1 dagger of draining (weapon)
Armour
 b - a +0 robe (worn)
Jewellery
 d - an amulet of regeneration (around neck)
Talismans
 f - a beast talisman
 j - a serpent talisman
Scrolls
 e - a scroll of revelation {unknown}
 g - a scroll of enchant weapon {unknown}
 i - a scroll of poison {unknown}
Potions
 c - a potion of invisibility


   Skills:
 * Level 1.1 Fighting
 + Level 1.3 Short Blades
 + Level 2.6 Dodging
 + Level 4.8 Stealth
 + Level 2.1 Spellcasting
 + Level 4.9 Hexes


You had 6 spell levels left.
You didn't know any spells.
Your spell library contained the following spells:

 Spells                   Type           Power      Damage    Failure   Level
 Confusing Touch          Hex            20%        N/A       7%          3
 Tukima's Dance           Hex            20%        N/A       7%          3
 Ensorcelled Hibernation  Hex/Ice        22%        N/A       10%         2
 Dazzling Flash           Conj/Hex       22%        N/A       19%         3
 Volatile Blastmotes      Fire/Tloc      4%         2d10      45%         3
 Fulminant Prism          Conj/Alch      1%         3d5       86%         4
 Iskenderun's Mystic Bla Conj/Tloc 2%             2d3        (+2d1     86%         4


Dungeon Overview and Level Annotations

Branches:
Dungeon (2/15)

Altars:

Annotations:
D:2 Natasha


Innate Abilities, Weirdness & Mutations

Your natural rate of healing is accelerated.
You have razor-sharp teeth.
You have supernaturally acute eyesight. (SInv)
You are afflicted with vampirism and can become a bat while bloodless.


Message History

Found a scroll labelled BOLOBIL NAL.
Natasha, Servant of Life and Death comes into view.
She is carrying a wand of flame.
You closely miss the rat.
Natasha hisses angrily.
You bite the rat.
You kill the rat!
A rat comes into view.
Found 4 poisoned darts.
Natasha mumbles some strange words.
You closely miss Natasha. You bite Natasha.
Natasha is lightly wounded.
Natasha claws you!
You hit Natasha but do no damage. You drain Natasha.
Natasha is moderately wounded.
Natasha claws you.
The cerulean imp hits you from afar with a +0 spear.
You open the door. The rat closely misses you. Natasha claws you.
The cerulean imp hits you from afar with a +0 spear.
The rat bites you. Natasha attacks as she pursues you!
Natasha closely misses you.
The cerulean imp hits you but does no damage.
Natasha claws you.
There is an open door here.
The cerulean imp misses you.
You hit the rat but do no damage. The rat closely misses you.
The cerulean imp barely misses you.
Natasha mumbles some strange words.
You hit the rat but do no damage. You drain the rat.
You kill the rat!
The cerulean imp barely misses you.
Natasha zaps a wand.
The puff of flame hits you!
* * * LOW HITPOINT WARNING * * *
You fade into invisibility!
The cerulean imp hits you but does no damage.
The cerulean imp misses you. Natasha casts a spell at you.
You resist with some effort.
Natasha zaps a wand.
The puff of flame hits you.
You die...
Natasha curls up and begins to purr.

#.........#
#.........#
#.....?...+ ..#.#
#..(......#####
#.#.#
#.....5h5.....#
#.#.#
####+#†#.###.#
#.#.# #.#.....#
#.#.# #.#...#.#
#.#.#
#@##..###.#.#.####
#.........#..(....
######..####.#.####
.............#.....
###################
#..............
#.############# #.#
#.#


You could see Natasha (very drained) and 2 cerulean imps.

Vanquished Creatures
  A ribbon worm (D:2)
  2 dart slugs (D:1)
  4 endoplasms (D:1)
  2 giant cockroaches
  5 hobgoblins
  2 ball pythons (D:1)
  6 bats
  A frilled lizard (D:1)
  A goblin (D:1)
  A kobold (D:1)
  4 rats
29 creatures vanquished.

Notes
Turn   | Place    | Note
-------+----------+-------------------------------------------
     0 | D:1      | Nietzsche the Vampire Enchanter began the quest for the
                  | Orb.
     0 | D:1      | Reached XP level 1. HP: 13/13 MP: 3/3
   142 | D:1      | Reached XP level 2. HP: 20/20 MP: 5/5
   490 | D:1      | Reached skill level 1 in Fighting
   753 | D:2      | Gained mutation: You are afflicted with vampirism and can
                  | become a bat while bloodless. [Vampire growth]
   753 | D:2      | Reached XP level 3. HP: 23/23 MP: 6/6
   845 | D:2      | Noticed Natasha
   858 | D:2      | Killed from afar by Natasha

Illustrated notes

Levels and vault maps discovered:
D:1:      dpeg_arrival_rooms_b, layout_basic
D:2:      layout_basic, uniq_crazy_yiuf_cottage, uniq_natasha

Skill      XL: |  1  2 |
---------------+-------+-----
Fighting       | 1 |  1.1
Short Blades   | |  1.3
Dodging        | |  2.6
Stealth        | |  4.8
Spellcasting   | |  2.1
Hexes          | |  4.9

Action                     || total
---------------------------++-------
  Melee: Dagger            ||    77
         Bite              ||    10
    Use: Potion            ||     1
   Stab: Sleeping          ||    11
 Armour: Robe              ||    47
  Dodge: Dodged            ||    49

Table legend: (Time is in decaauts)
 A = Elapsed time spent in this place.
 B = Non-inter-level travel time spent in this place.
 C = Inter-level travel time spent in this place.
 D = Time resting spent in this place.
 E = Time spent auto-exploring this place.
 F = Levels seen in this place.
 G = Mean time per level.
                   A        B        C        D        E       F      G
               +--------+--------+--------+--------+--------+-----+--------+
         Total |    853 |    853 |      0 |      0 |    574 |   2 |  426.5 |
       Dungeon |    853 |    853 |      0 |      0 |    574 |   2 |  426.5 |
               +--------+--------+--------+--------+--------+-----+--------+

Top non-repeatable levels by time:
     D:1: 717 daAuts
     D:2: 135 daAuts
